 Dungeon Crawl Stone Soup version 0.20-a0-830-g2c9a30d (webtiles) character file.

150427 Amciq the Tortoise (level 16, -2/226 HPs)
             Began as a Minotaur Fighter on Mar 5, 2017.
             Was a High Priest of Trog.
             Slain by a wolf spider (5 damage)
             ... on level 3 of the Spider Nest on Mar 6, 2017.
             The game lasted 01:59:38 (29020 turns).

Amciq the Tortoise (Minotaur Fighter)              Turns: 29020, Time: 01:59:39

Health: -2/226     AC: 28    Str: 27    XL:     16   Next: 98%
Magic:  16/16      EV:  2    Int:  5    God:    Trog [*****.]
Gold:   1049       SH: 28    Dex: 17    Spells: 15/15 levels left

rFire    + . .     SeeInvis .   C - +10 broad axe "Mimo" {chop, *Corrode Dex+6 Stlth+}
rCold    . . .     Gourm    +   (armour currently unavailable)
rNeg     + + +     Faith    .   U - +6 large shield
rPois    +         Spirit   .   (helmet currently unavailable)
rElec    .         Reflect  .   (cloak currently unavailable)
rCorr    +         Harm     .   (gloves currently unavailable)
MR       +++..     NoTele   +   (boots currently unavailable)
Stlth    +++.......             H - amulet of the gourmand
Regen    1.5/turn               e - ring of protection from fire
MPRegen  0.2/turn               Q - ring of resist corrosion

@: tree-form, regenerating
A: (retaliatory headbutt), (horns 0)
a: Berserk, Trog's Hand, Brothers in Arms, Burn Spellbooks, Renounce Religion


You were on level 3 of the Spider Nest.
You worshipped Trog.
Trog was extremely pleased with you.
You were very full.
You were a tree.
You visited 5 branches of the dungeon, and saw 28 of its levels.
You also visited: Labyrinth.

You collected 2961 gold pieces.
You spent 1912 gold pieces at shops.

Inventory:

Hand Weapons
 w - the +6 mace of Moral Flaws {crush, rElec Int-2 Dex+6}
   (You found it on level 4 of the Dungeon)

   It inflicts extra damage upon your enemies.
   It affects your intelligence (-2).
   It affects your dexterity (+6).
   It insulates you from electricity.
 C - the +10 broad axe "Mimo" (weapon) {chop, *Corrode Dex+6 Stlth+}
   (You found it on level 4 of the Dungeon)

   It inflicts extra damage upon your enemies.
   It affects your dexterity (+6).
   It may corrode you when you take damage.
   It makes you more stealthy.
Armour
 L - the +2 ratskin cloak (melded) {+Rats rPois rN+ Str-1 Int-1 Dex+1}
   (You found it on level 7 of the Dungeon)

   It affects your strength (-1).
   It affects your intelligence (-1).
   It affects your dexterity (+1).
   It protects you from poison.
   It protects you from negative energy.
 M - a scarf of resistance
 R - a +2 pair of boots (melded)
 U - a +6 large shield (worn)
 X - a +2 pair of gloves (melded)
 Y - the +1 chain mail "Weasir" (melded) {rC+ Str+4 Int+2}
   (You bought it in a shop on level 11 of the Dungeon)

   It affects your strength (+4).
   It affects your intelligence (+2).
   It protects you from cold.
Jewellery
 c - an uncursed ring of protection from magic {unknown}
 e - a ring of protection from fire (right branch)
 u - a +1 ring of evasion {unknown}
 H - an amulet of the gourmand (around neck)
 P - an uncursed ring of poison resistance
 Q - a ring of resist corrosion (left branch)
Wands
 x - a wand of paralysis (18/24)
 y - a wand of digging (11/24)
Scrolls
 a - 3 scrolls of recharging
 b - 6 scrolls of blinking
 h - a scroll of fog
 j - 6 scrolls of identify
 k - 14 scrolls of remove curse
 s - a scroll of vulnerability {unknown}
 t - 6 scrolls of enchant weapon
 v - 10 scrolls of teleportation
 z - a scroll of torment {unknown}
 E - 4 scrolls of magic mapping
 N - a scroll of acquirement
 O - 4 scrolls of fear
Potions
 d - 10 potions of might
 g - 3 potions of resistance
 l - 4 potions of haste
 m - 4 potions of lignification
 o - 9 potions of invisibility
 r - 7 potions of flight
 D - 3 potions of agility
 F - 2 potions of heal wounds
 I - 4 potions of cancellation
 J - 11 potions of curing
 K - 4 potions of mutation
 V - 2 potions of ambrosia
 Z - 6 potions of berserk rage
Miscellaneous
 G - a lamp of fire
 T - a fan of gales
Comestibles
 f - 20 bread rations
 q - 6 meat rations
 A - 24 fruits
 B - 18 royal jellies


   Skills:
 * Level 16.1 Fighting
 * Level 10.9(13.3) Axes
 - Level 12.7(14.1) Maces & Flails
 * Level 16.3 Armour
 + Level 11.1 Dodging
 * Level 16.1 Shields
 + Level 11.6 Unarmed Combat
 - Level 2.0 Evocations


You had 15 spell levels left.
You didn't know any spells.

Dungeon Overview and Level Annotations

Branches:
Dungeon (15/15)            Temple (0/1) D:7            Lair (6/6) D:8
  Swamp (0/4) Lair:2       Spider (4/4) Lair:3        Slime (0/5) Lair:6
    Orc (2/2) D:10            Elf (1/3) Orc:2        Vaults (0/5) D:14
 Depths (0/5) D:15

Altars:
Cheibriados
Fedhas
Gozag
Hepliaklqana
Kikubaaqudgha
Nemelex Xobeh
Okawaru
Ru
Trog
Uskayaw
Xom
Yredelemnul
Zin
The Shining One
Jiyva

Shops:
D:6 ?}[*   D:11 [![?   Orc:1 !   Orc:2 *(:!

Portals:
Trove: D:15 (give +4 storm dragon scales)

Annotations:
D:6 1 runed door
Lair:1 exclusion: 2 oklob plants


Innate Abilities, Weirdness & Mutations

((You reflexively headbutt those who attack you in melee.))
((You have a pair of horns on your head.))


Message History

The wolf spider bites you!
* * * LOW HITPOINT WARNING * * *
The hornet stings you.
* * * LOW HITPOINT WARNING * * *
The tarantella bites you!
* * * LOW HITPOINT WARNING * * *
Your iron troll closely misses the tarantella.
Your iron troll misses the tarantella.
Your iron troll barely misses the tarantella.
The wolf spider hits you but does no damage.
The wolf spider barely misses you.
You feel much better. You block the hornet's attack.
You block the tarantella's attack. The wolf spider hits you!
* * * LOW HITPOINT WARNING * * *
The wolf spider bites you but does no damage.
The hornet stings you!
* * * LOW HITPOINT WARNING * * *
The tarantella bites you but does no damage.
You block the wolf spider's attack. The wolf spider bites you.
You die...

#..<.#..##...###^..#...#..###.#
###..#[^#..#.#.##..###..### ###
#####....#......^.#......###
#.....#..#)###..##...#..##.###
#.#..#####..##..#....#^..#^..#
##....# #.......##.^#......##
#.#^## #.#..#....##.<#...^≈#
##..# ####ss##....#.#..#≈##
#### #.♣T...#..####^≈≈#
#y.#.###.## #≈≈#≈# ###### ###
##≈≈## #≈≈# ##≈# ##


You could see a wolf spider (berserk), a hornet (berserk), a tarantella
(berserk) and a friendly iron troll (berserk).

Vanquished Creatures
  2 azure jellies (Lair:6)
  2 ghost moths (Spider:3)
  Aizul (Spider:2)
  5 emperor scorpions
  3 entropy weavers
  The ghost of Amciq the Fighter, a journeyman TrFi of Ashenzari (Lair:6)
  Nessos (Orc:2)
  A dire elephant (D:15)
  The ghost of Guenter the Cleaver, a journeyman FoFi of Okawaru (D:12)
  A fire dragon (D:14)
  The ghost of AlphabetPasta the Cleaver, a journeyman HuAK of Lugonu (D:11)
  Josephine (Orc:2)
  A great orb of eyes (D:15)
  A vault guard (D:14)
  An ogre mage (D:13)
  Erolcha (D:10)
  4 hydras
  5 centaur warriors
  Harold (Lair:1)
  3 two-headed ogres
  2 catoblepae (Lair:6)
  The ghost of unimpressed the Basher, a journeyman GrGl of Wu Jian (Lair:1)
  7 death yaks
  A vampire mage (D:13)
  A tengu warrior (D:10)
  Urug (D:13)
  4 orc high priests (Orc:2)
  Sonja (Orc:2)
  Nergalle (Lair:1)
  5 skeletal warriors
  The ghost of MCXD2 the Cleaver, a novice MiBe of Trog (D:9)
  An unseen horror (D:13)
  A deep troll (D:14)
  A wizard (D:13)
  6 orc knights (Orc:2)
  A necromancer (D:9)
  16 orb spiders
  6 ugly things
  2 deep elf magi (D:13)
  4 cyclopes
  19 wolf spiders
  4 manticores
  2 moths of wrath
  2 black mambas
  3 torpor snails
  2 gargoyles (D:13)
  12 spiny frogs
  A rime drake (Lair:2)
  2 kobold demonologists (D:13)
  5 komodo dragons
  A redback zombie (D:14)
  A guardian mummy (D:15)
  3 tengu conjurers
  5 trolls
  11 demonic crawlers
  A queen bee (Lair:2)
  14 jumping spiders
  Grinder (D:3)
  A harpy skeleton (D:15)
  6 polar bears (D:8)
  4 hornets
  2 slime creatures (D:14)
  A minotaur zombie (Lab)
  29 blink frogs
  14 hippogriffs
  4 flying skulls (D:9)
  2 water elementals (D:12)
  47 redbacks
  A spriggan (D:11)
  5 shadows
  6 wyverns
  30 yaks
  22 tarantellas
  8 wraiths
  2 vampires
  9 basilisks
  A steam dragon (Lair:2)
  A basilisk (shapeshifter) (D:13)
  A hog (D:8)
  The ghost of RexxRaptorr the Magician, an amateur DrWz (D:4)
  13 vampire mosquitoes
  4 wargs
  13 soldier ants
  14 water moccasins
  10 porcupines
  An acid dragon (D:13)
  3 sky beasts
  4 ice beasts
  30 orc warriors
  4 black bears (D:8)
  5 phantoms
  An eye of draining (D:14)
  2 necrophages
  11 ogres
  14 crocodiles
  33 wolves
  16 centaurs
  A big kobold (D:7)
  3 wyvern zombies
  15 bullfrogs
  A gnoll sergeant (D:9)
  A wyvern skeleton (D:12)
  6 scorpions
  35 killer bees
  2 wights
  A howler monkey (D:14)
  2 electric eels
  7 crimson imps
  5 centaur zombies
  A quasit (D:14)
  4 bullfrog zombies
  10 hounds
  27 orc priests
  6 centaur skeletons
  A jelly (D:8)
  3 bullfrog skeletons
  Jessica (D:2)
  2 hell rats (D:8)
  8 iguanas
  22 orc wizards
  39 worker ants
  3 hound zombies
  A hound skeleton (D:5)
  A howler monkey zombie (D:9)
  8 worker ant zombies
  12 adders
  2 howler monkey skeletons
  12 gnolls
  A river rat (Lair:2)
  5 shadow imps
  An ooze (D:5)
  2 worms
  2 dart slugs
  6 leopard geckos
  108 orcs
  5 giant cockroaches
  9 hobgoblins
  9 jackals
  5 quokkas
  A ball python (D:4)
  6 bats
  9 frilled lizards
  7 goblins
  A jackal skeleton (D:5)
  A jackal zombie (D:5)
  12 kobolds
  A leopard gecko skeleton (D:7)
  A leopard gecko zombie (D:9)
  A quokka skeleton (D:6)
  14 rats
1013 creatures vanquished.

Vanquished Creatures (collateral kills)
  A minotaur (Lab)
  A hydra (Lair:1)
  2 catoblepae
  A queen ant (Spider:3)
  A death yak (Lair:6)
  An orc high priest (Orc:2)
  3 orc knights (Orc:2)
  An orb spider (Spider:2)
  An orc sorcerer (Orc:2)
  2 centaur skeletons (D:14)
  2 spiny frogs (Lair:1)
  2 blink frogs (Lair:6)
  A slime creature (D:14)
  A shadow (D:14)
  6 yaks
  2 vampire mosquitoes (D:14)
  A water moccasin (Lair:6)
  3 orc warriors (Orc:2)
  2 crocodiles
  2 orc priests (Orc:2)
  A bullfrog zombie (D:9)
  A bullfrog skeleton (D:9)
  A worker ant zombie (D:9)
  A plant (Lair:4)
40 creatures vanquished.

Vanquished Creatures (others)
  An orb spider (Spider:4)
  A redback (Spider:4)
  7 fungi
  2 plants
11 creatures vanquished.

Grand Total: 1064 creatures vanquished

Notes
Turn   | Place    | Note
-------+----------+-------------------------------------------
     0 | D:1      | Amciq the Minotaur Fighter began the quest for the Orb.
     0 | D:1      | Reached XP level 1. HP: 19/19 MP: 0/0
   101 | D:1      | Reached XP level 2. HP: 27/27 MP: 1/1
   414 | D:2      | Reached XP level 3. HP: 31/33 MP: 2/2
   484 | D:2      | Found a bloodstained altar of Trog.
   490 | D:2      | Reached skill level 1 in Dodging
   501 | D:2      | Became a worshipper of Trog the Wrathful
   745 | D:2      | Noticed Jessica
   751 | D:2      | Reached XP level 4. HP: 31/40 MP: 3/3
   752 | D:2      | Killed Jessica
  1005 | D:3      | Found a faded altar of an unknown god.
  1010 | D:3      | Reached skill level 1 in Unarmed Combat
  1010 | D:3      | Reached XP level 5. HP: 39/47 MP: 4/4
  1060 | D:3      | Reached * piety under Trog
  1067 | D:3      | Noticed Grinder
  1077 | D:3      | Paralysed by Grinder for 2 turns
  1100 | D:3      | Killed Grinder
  1100 | D:3      | Reached skill level 5 in Fighting
  1100 | D:3      | Reached skill level 5 in Armour
  1100 | D:3      | Reached skill level 5 in Shields
  1100 | D:3      | Reached XP level 6. HP: 56/56 MP: 5/5
  1389 | D:3      | Found an ancient bone altar of Kikubaaqudgha.
  1597 | D:3      | Reached ** piety under Trog
  1721 | D:4      | Got a dazzling mace
  1722 | D:4      | Identified the +6 mace of Moral Flaws {crush, rElec Int-2 Dex+6} (You found it on level 4 of the Dungeon)
  1778 | D:4      | Found a glowing silver altar of Zin.
  1779 | D:4      | Found an opulent altar of Gozag.
  1784 | D:4      | Reached XP level 7. HP: 59/61 MP: 6/6
  1867 | D:4      | Noticed RexxRaptorr's ghost (amateur DrWz)
  1873 | D:4      | Killed RexxRaptorr's ghost
  1873 | D:4      | Reached skill level 1 in Maces & Flails
  2117 | D:4      | Got an ancient broad axe
  2118 | D:4      | Identified the +10 broad axe "Mimo" {chop, *Corrode Dex+6 Stlth+} (You found it on level 4 of the Dungeon)
  2483 | D:5      | Entered Level 5 of the Dungeon
  3042 | D:6      | Reached XP level 8. HP: 63/70 MP: 7/7
  3073 | D:6      | Reached *** piety under Trog
  3304 | D:6      | Found Ziruenut's Antique Armour Shop.
  3304 | D:6      | Found Enimoc's Gadget Boutique.
  3435 | D:6      | Found Lirchuxi's General Store.
  3440 | D:6      | Bought a potion of heal wounds for 65 gold pieces
  3440 | D:6      | Bought a scroll of identify for 26 gold pieces
  3455 | D:6      | Found a runed door.
  3642 | D:6      | Found a basalt altar of Yredelemnul.
  3653 | D:6      | Found Riarysmont's Magic Scroll Boutique.
  3660 | D:6      | Received a gift from Trog
  3682 | D:6      | Bought a scroll of identify for 26 gold pieces
  3682 | D:6      | Bought a scroll of teleportation for 39 gold pieces
  3682 | D:6      | Bought a scroll of teleportation for 39 gold pieces
  3682 | D:6      | Bought a scroll of identify for 26 gold pieces
  3682 | D:6      | Bought a scroll of identify for 26 gold pieces
  3682 | D:6      | Bought a scroll of enchant armour for 97 gold pieces
  3804 | D:7      | Found a staircase to the Ecumenical Temple.
  3978 | D:7      | Reached XP level 9. HP: 77/79 MP: 8/8
  4082 | D:7      | Found a hazy altar of Hepliaklqana.
  4757 | D:8      | Noticed a death yak
  4758 | D:8      | Noticed a death yak
  4770 | D:8      | Noticed a death yak
  4773 | D:8      | Killed a death yak
  4773 | D:8      | Reached skill level 5 in Maces & Flails
  4773 | D:8      | Reached skill level 1 in Evocations
  4777 | D:8      | Killed a death yak
  4777 | D:8      | Reached skill level 5 in Unarmed Combat
  4785 | D:8      | Killed a death yak
  4785 | D:8      | Reached XP level 10. HP: 57/88 MP: 8/10
  4992 | D:8      | Found a staircase to the Lair.
  5079 | D:8      | Reached skill level 5 in Dodging
  5160 | D:8      | Found a sacrificial altar of Ru.
  5161 | D:8      | Found an iron altar of Okawaru.
  5161 | D:8      | Found a sparkling altar of Nemelex Xobeh.
  5162 | D:8      | Found a shimmering altar of Xom.
  5234 | D:8      | Found a blossoming altar of Fedhas.
  5325 | D:8      | Found a huge runed gate.
  5325 | D:8      | Found a huge runed gate.
  5325 | D:8      | Found a huge runed gate.
  5325 | D:8      | Found a huge runed gate.
  5336 | D:8      | Reached **** piety under Trog
  5444 | D:8      | Found a hide-covered altar of Uskayaw.
  5809 | D:9      | Noticed a necromancer
  5812 | D:9      | Noticed a skeletal warrior
  5830 | D:9      | Killed a skeletal warrior
  6215 | D:9      | Killed a necromancer
  6249 | D:9      | Noticed MCXD2's ghost (novice MiBe)
  6271 | D:9      | Killed MCXD2's ghost
  6271 | D:9      | Reached XP level 11. HP: 62/97 MP: 11/11
  6612 | D:9      | Reached skill level 10 in Armour
  6884 | D:9      | Found a glowing golden altar of the Shining One.
  7062 | D:8      | Reached skill level 10 in Shields
  7112 | D:8      | Reached ***** piety under Trog
  7124 | D:8      | Reached skill level 10 in Fighting
  7370 | Lair:1   | Entered Level 1 of the Lair of Beasts
  7370 | Lair:1   | Noticed a four-headed hydra
  7374 | Lair:1   | Killed a four-headed hydra
  7646 | Lair:1   | Noticed unimpressed's ghost (journeyman GrGl)
  7665 | Lair:1   | Killed unimpressed's ghost
  7715 | Lair:1   | Noticed Nergalle
  7726 | Lair:1   | Killed Nergalle
  7779 | Lair:1   | Noticed Harold
  7793 | Lair:1   | Killed Harold
  7902 | Lair:1   | Noticed an oklob plant
  7902 | Lair:1   | Noticed an oklob plant
  8067 | Lair:1   | Noticed a four-headed hydra
  8074 | Lair:1   | Killed a four-headed hydra
  8074 | Lair:1   | Reached XP level 12. HP: 108/108 MP: 12/12
  8793 | Lair:2   | Reached skill level 10 in Maces & Flails
  9413 | Lair:2   | Found a staircase to the Swamp.
  9747 | Lair:3   | Found a hole to the Spider Nest.
  9912 | Lair:3   | Received a gift from Trog
 10149 | Lair:3   | Reached XP level 13. HP: 118/118 MP: 13/13
 10561 | Lair:4   | Found a labyrinth entrance.
 10594 | Lab      | Entered a labyrinth
 11120 | Lab      | Noticed a minotaur
 11128 | Lab      | Killed a minotaur
 11183 | Lab      | Got a brightly glowing hand axe
 11198 | Lair:4   | Identified the +2 hand axe "Giantbane" {chop, Str+4} (You found it in a labyrinth)
 12664 | Lair:6   | Entered Level 6 of the Lair of Beasts
 12727 | Lair:6   | Found a runed door.
 12728 | Lair:6   | Found a viscous altar of Jiyva.
 12728 | Lair:6   | Noticed an azure jelly
 12729 | Lair:6   | Noticed an azure jelly
 12730 | Lair:6   | Found a staircase to the Slime Pits.
 12743 | Lair:6   | Killed an azure jelly
 12751 | Lair:6   | Killed an azure jelly
 13136 | Lair:6   | Noticed Amciq's ghost (journeyman TrFi)
 13151 | Lair:6   | Killed Amciq's ghost
 13562 | Lair:6   | Reached XP level 14. HP: 90/129 MP: 14/14
 15356 | D:10     | Entered Level 10 of the Dungeon
 15504 | D:10     | Noticed Erolcha
 15511 | D:10     | Killed Erolcha
 15760 | D:10     | Found a staircase to the Orcish Mines.
 16183 | Orc:1    | Entered Level 1 of the Orcish Mines
 16380 | Orc:2    | Entered Level 2 of the Orcish Mines
 16396 | Orc:2    | Noticed Josephine
 16407 | Orc:2    | Killed Josephine
 16698 | Orc:2    | Found a staircase to the Elven Halls.
 16715 | Orc:2    | Noticed Sonja
 16721 | Orc:2    | Noticed Nessos
 16726 | Orc:2    | Killed Sonja
 16741 | Elf:1    | Entered Level 1 of the Elven Halls
 16925 | Orc:2    | Killed Nessos
 16925 | Orc:2    | Reached skill level 5 in Axes
 17532 | Orc:2    | HP: 4/130 [orc priest/divine providence (15)]
 17538 | Orc:2    | HP: 4/130 [poisoned by an orange demon]
 17565 | Orc:2    | HP: 5/195 [orc knight/bardiche (13)]
 18475 | Orc:2    | Found Hujirph's General Store.
 18475 | Orc:2    | Found Jiumn's Distillery.
 18476 | Orc:2    | Found Qekozec's Antique Weapon Boutique.
 18476 | Orc:2    | Found Beetuab's Book Shop.
 18487 | Orc:2    | Bought a potion of heal wounds for 50 gold pieces
 18487 | Orc:2    | Bought a potion of curing for 30 gold pieces
 18487 | Orc:2    | Bought a potion of invisibility for 80 gold pieces
 18487 | Orc:2    | Bought a potion of haste for 100 gold pieces
 18491 | Orc:2    | Bought a potion of lignification for 42 gold pieces
 18491 | Orc:2    | Identified a scroll of acquirement
 18696 | Orc:1    | Found Potub's Distillery.
 18711 | Orc:1    | Bought a potion of curing for 36 gold pieces
 18711 | Orc:1    | Bought a potion of heal wounds for 60 gold pieces
 18711 | Orc:1    | Bought 2 potions of might for 96 gold pieces
 18899 | D:11     | Found Gedegugg's Distillery.
 18902 | D:11     | Bought a potion of might for 56 gold pieces
 18902 | D:11     | Bought a potion of berserk rage for 70 gold pieces
 18902 | D:11     | Bought a potion of curing for 42 gold pieces
 18902 | D:11     | Bought a potion of might for 56 gold pieces
 18902 | D:11     | Bought a potion of berserk rage for 70 gold pieces
 18902 | D:11     | Bought a potion of might for 56 gold pieces
 19046 | D:11     | Found Fouxkauj's Magic Scroll Emporium.
 19052 | D:11     | Bought a scroll of identify for 30 gold pieces
 19052 | D:11     | Bought a scroll of identify for 30 gold pieces
 19052 | D:11     | Bought a scroll of teleportation for 45 gold pieces
 19052 | D:11     | Bought a scroll of enchant armour for 112 gold pieces
 19219 | D:11     | Noticed AlphabetPasta's ghost (journeyman HuAK)
 19228 | D:11     | Killed AlphabetPasta's ghost
 19282 | D:11     | Received a gift from Trog
 19703 | D:11     | Found Iguwisk's Antique Armour Emporium.
 19740 | D:11     | Found Mipycy's Antique Armour Boutique.
 19746 | D:11     | Bought a heavily runed chain mail for 275 gold pieces
 19756 | D:11     | Identified the cursed +1 chain mail "Weasir" {rC+ Str+4 Int+2} (You bought it in a shop on level 11 of the Dungeon)
 19971 | D:11     | Bought a pair of embroidered gloves for 232 gold pieces
 20266 | D:12     | Reached XP level 15. HP: 126/138 MP: 15/15
 20316 | D:12     | Noticed Guenter's ghost (journeyman FoFi)
 20334 | D:12     | Killed Guenter's ghost
 21053 | D:13     | Received a gift from Trog
 21407 | D:13     | Reached skill level 10 in Unarmed Combat
 21515 | D:13     | Reached skill level 10 in Dodging
 21532 | D:13     | You fall through a shaft for 2 floors!
 21532 | D:15     | Entered Level 15 of the Dungeon
 21947 | D:14     | Reached skill level 15 in Armour
 22351 | D:14     | Found a gate to the Vaults.
 22685 | D:13     | Reached skill level 15 in Shields
 23039 | D:13     | Noticed Urug
 23047 | D:13     | Killed Urug
 23253 | D:15     | Found a portal to a secret trove of treasure.
 23430 | D:15     | Reached skill level 15 in Fighting
 23431 | D:15     | Found a staircase to the Depths.
 23650 | D:15     | Found a snail-covered altar of Cheibriados.
 23655 | D:15     | Received a gift from Trog
 24507 | Spider:1 | Entered Level 1 of the Spider Nest
 24746 | Spider:1 | Reached XP level 16. HP: 138/146 MP: 16/16
 25676 | Spider:1 | Received a gift from Trog
 25931 | Spider:2 | Noticed Aizul
 25943 | Spider:2 | Killed Aizul
 26375 | Spider:2 | Upgraded the game from 0.20-a0-823-gdec668e to 0.20-a0-830-g2c9a30d
 27039 | Spider:3 | Reached skill level 10 in Axes
 28141 | Spider:2 | Received a gift from Trog
 28923 | Spider:4 | Entered Level 4 of the Spider Nest
 29019 | Spider:3 | HP: 11/222 [hornet (2)]
 29019 | Spider:3 | HP: 1/222 [tarantella (10)]
 29020 | Spider:3 | Slain by a wolf spider

Vault maps used:
D:1:      zelgadis_glass_arrival_small
D:2:      first_bread, bloody_trog, uniq_jessica
D:3:      lemuel_round_altar, chequers_ecumenical_altar_simple_redux,
          minmay_joined_circles, uniq_grinder
D:4:      grunt_temple_overflow_gold_and_silver, hangedman_decor_peaks_small
D:6:      hangedman_cross_stitches, serial_shops, shop_fountains, shop,
          kennysheep_little_box, nicolae_shop_temple_entry_statues_fountains,
          dk_yredelemnul_ordeal
D:7:      kennysheep_mini, minmay_temple_entry_fiery, abandoned_shop
D:8:      lemuel_bear_cage, overflow_temple_1_default,
          nicolae_overflow_hidden_temple,
          chequers_temple_overflow_statue_of_worship, dpeg_lair_monsters
D:9:      hangedman_screamer, marbit_many_paths
D:10:     orc_0_dummy, uniq_erolcha
D:11:     serial_shops, shop, shop, shop_statue, shop, serial_co_window_serial,
          co_window_corner_a, co_window_paths_a, co_window_paths_a,
          co_window_paths_b, co_window_paths_a, co_window_corner_b,
          co_window_corner_b, co_window_cross_3, co_window_paths_c,
          co_window_of_opportunity_c, co_window_broadway_a, glass_columns_b,
          glass_columns_b, glass_columns_a, the_bakery, grunt_decor_clamped
D:12:     nicolae_lava_and_water
D:13:     minmay_guarded_unrand_prune, uniq_urug
D:14:     david_vaults_4
D:15:     hangedman_depths_entry_try_elsewhere_first, old_standard_altar,
          nicolae_trove_entry_path_of_doom
Lair:1:   dpeg_oklob_gauntlet, uniq_harold, uniq_nergalle
Lair:2:   regret_index_tunnel_blossom, minmay_swamp_entry_swarm
Lair:3:   spider_nest_entry_a, lemuel_fruit_fields, grunt_megastairs_1
Lair:4:   lab_entry_generic, grunt_megastairs_5
Lair:6:   evilmike_catoblepas_cave, slime_altar_2
Spider:2: uniq_aizul
Spider:3: minmay_another_anthill
Spider:4: grunt_spider_rune_parallel
Orc:1:    serial_shops, shop
Orc:2:    st_orc_pillars, uniq_nessos, uniq_josephine, uniq_sonja
Elf:1:    eino_elf_arrival_the_gate, serial_shops, shop,
          hangedman_elven_crosses_minicolossus
Lab:      labyrinth_hidden_loot, labyrinth_fake_exit, nicolae_lab_t_cross,
          lab_block

Skill      XL: |  1  2  3  4  5  6  7  8  9 10 11 12 13 14 15 16 |
---------------+-------------------------------------------------+-----
Fighting       | 4 5 7 8 9 10 12 13 14 15 16 | 16.1
Axes           | 3 4 6 8 10 | 10.9
Dodging        | 1 2 3 4 5 7 8 9 10 11 | 11.1
Armour         | 4 5 6 7 8 9 11 12 13 14 15 16 | 16.3
Shields        | 4 5 6 7 8 9 11 12 13 14 15 16 | 16.1
Unarmed Combat | 1 2 4 5 6 7 8 9 10 11 | 11.6
Maces & Flails | 2 4 6 7 9 11 12 | 12.7
Evocations     | 1 2 |  2.0

Action                   |  1- 3 |  4- 6 |  7- 9 | 10-12 | 13-15 | 16-18 || total
-------------------------+-------+-------+-------+-------+-------+-------++-------
Melee: War axe           |    78 |   107 |       |       |       |       ||   185
       Headbutt          |    11 |    16 |    36 |   169 |   342 |   139 ||   713
       Mace              |       |     5 |    53 |   672 |   486 |       ||  1216
       Broad axe         |       |       |   102 |       |   674 |   462 ||  1238
Throw: Tomahawk          |       |       |     3 |     4 |       |       ||     7
Invok: Berserk           |       |     3 |     6 |    15 |    34 |     5 ||    63
       Trog's Hand       |       |       |     2 |     9 |    17 |     4 ||    32
       Burn Spellbooks   |       |       |     2 |       |     6 |     1 ||     9
       Brothers in Arms  |       |       |       |     3 |    14 |     4 ||    21
Evoke: Ratskin cloak     |       |       |     2 |     2 |       |       ||     4
  Use: Scroll            |       |       |    10 |     3 |    21 |     9 ||    43
       Potion            |       |       |       |     1 |     2 |     2 ||     5
 Stab: Distracted        |       |       |       |     1 |     3 |       ||     4
  Eat: Chunk             |       |     6 |    24 |    40 |    92 |    22 ||   184
Armor: Scale mail        |    38 |    58 |    32 |   215 |   179 |       ||   522
       Chain mail        |       |       |       |       |    98 |   166 ||   264
       Skin              |       |       |       |       |       |     6 ||     6
Dodge: Dodged            |    28 |    33 |    44 |   327 |   376 |   197 ||  1005
Block: Shield            |    47 |    67 |    91 |   425 |       |       ||   630
       Large shield      |       |       |       |    63 |  1099 |   729 ||  1891
